 Dungeon Crawl Stone Soup version 0.18-a0-731-ga019a5f (webtiles) character file.

4747 Dangus the Experimenter (level 10, -4/65 HPs)
             Began as a Mummy Artificer on Dec 9, 2015.
             Was a Believer of Pakellas.
             Shot with an arrow by a centaur (16 damage)
             ... on level 10 of the Dungeon.
             The game lasted 00:49:19 (10728 turns).

Dangus the Experimenter (Mummy Artificer)          Turns: 10728, Time: 00:49:20

Health: -4/65      AC:  9    Str: 15    XL:     10   Next: 23%
Magic:  7/17       EV: 14    Int: 11    God:    Pakellas [**....]
Gold:   400        SH:  0    Dex: 16    Spells: 0 memorised, 9 levels left

rFire  x . .     SeeInvis .     D - +7 Sceptre of Torment
rCold  + . .     Clarity  .     n - +0 ring mail
rNeg   + + +     SustAt   +     (no shield)
rPois  ∞         Gourm    .     w - +0 helmet (curse)
rElec  .         Spirit   .     b - +0 cloak
rCorr  .         Dismiss  .     i - +0 pair of gloves
rMut   .         Stasis   .     (no boots)
MR     +....                    (no amulet)
Stlth  +.........               (no ring)
                                E - ring of sustain attributes

@: somewhat resistant to hostile enchantments, very unstealthy
A: no food or potions, fire vulnerability, cold resistance 1, negative energy
resistance 3, torment resistance, unbreathing
a: Quick Charge, Renounce Religion


You were on level 10 of the Dungeon.
You worshipped Pakellas.
Pakellas was pleased with you.
You were not hungry.

You visited 2 branches of the dungeon, and saw 11 of its levels.

You collected 400 gold pieces.

Inventory:

Hand Weapons
 a - a +1 dagger of venom
 t - a +4 flail of protection
 D - the +7 Sceptre of Torment (weapon)
   (You found it on level 9 of the Dungeon)
Missiles
 y - a throwing net (quivered)
 z - 36 poisoned needles
Armour
 b - a +0 cloak (worn)
 i - a +0 pair of gloves (worn)
 n - a +0 ring mail (worn)
 w - a cursed +0 helmet (worn)
Jewellery
 E - a ring of sustain attributes (left hand)
Wands
 c - a wand of flame (2)
 d - a wand of enslavement (12)
 e - a wand of random effects (1)
 s - a wand of polymorph (0)
 x - a wand of lightning (3)
 B - a wand of digging (15)
 F - a wand of polymorph (16)
Scrolls
 f - 10 scrolls of identify
 h - a scroll of enchant weapon
 j - 2 scrolls of teleportation
 k - a scroll of immolation {unknown}
 l - 4 scrolls of remove curse
 m - 2 scrolls of random uselessness {unknown}
 o - 3 scrolls of enchant armour {unknown}
 p - a scroll of noise {unknown}
 q - a scroll of magic mapping {unknown}
 r - a scroll of amnesia {unknown}
 u - a scroll of blinking {unknown}
 v - a scroll of fear {unknown}
 C - a scroll of recharging {unknown}
Books
 g - a Fen Folio

   Spells                             Type                      Level
   a - Corpse Rot                     Necromancy                   2
   b - Stone Arrow                    Conjuration/Earth            3
   c - Leda's Liquefaction            Hexes/Earth                  4
   d - Summon Forest                  Summoning/Translocation      5
   e - Hydra Form                     Transmutation                6
   f - Summon Hydra                   Summoning                    7
 A - a book of the Earth

   Spells                             Type                      Level
   a - Leda's Liquefaction            Hexes/Earth                  4
   b - Bolt of Magma                  Conjuration/Fire/Earth       5
   c - Statue Form                    Transmutation/Earth          6
   d - Iron Shot                      Conjuration/Earth            6
   e - Shatter                        Earth                        9


   Skills:
 - Level 1.0 Fighting
 - Level 0.7 Short Blades
 + Level 3.1 Maces & Flails
 - Level 4.2 Armour
 + Level 5.4 Dodging
 - Level 0.7 Stealth
 * Level 10.3 Evocations


You had 9 spell levels left.
You didn't know any spells.

Dungeon Overview and Level Annotations

Branches:
Dungeon (10/15)            Temple (1/1) D:6             Orc (0/4) D:9
   Lair: D:8-11

Altars:
Ashenzari
Cheibriados
Dithmenos
Elyvilon
Fedhas
Gozag
Kikubaaqudgha
Makhleb
Nemelex Xobeh
Okawaru
Pakellas
Qazlal
Ru
Sif Muna
Trog
Vehumet
Xom
Yredelemnul
Zin
The Shining One

Shops:
D:9 (


Innate Abilities, Weirdness & Mutations

You do not eat or drink.
Your flesh is vulnerable to fire.
You are immune to poison.
Your flesh is cold resistant.
You are immune to negative energy.
You are immune to unholy pain and torment.
You can survive without breathing.


Message History

You kill the centaur!
Pakellas accepts your kill.
You feel your power returning.
The bolt of lightning hits the centaur.
You kill the centaur!
Pakellas accepts your kill.
You feel your power returning.
This wand has 4 charges left.
You hear a shout!
You hear an angry buzzing noise.
The centaur shoots an arrow.
The arrow closely misses you.
Evoke which item? (* to show all) (? for menu, Esc to quit)
Zapping:
x - a wand of lightning (4)
Press: ? - help, Shift-Dir - straight line, f - centaur
Aim: a centaur, wielding a shortbow You hear a mighty clap of thunder!
The bolt of lightning hits the centaur.
The centaur is severely wounded.
The bolt of lightning misses the centaur.
This wand has 3 charges left.
You hear an angry buzzing noise. x3
The centaur shoots an arrow.
The arrow hits you!
You die...

### ...
#.### #.(.#
#@# #(# #
#)#.#
#)#.#####
#.c...[..
#(######.
#(######.###
#.<((†!.....
#..#####)###


You could see a centaur.

Vanquished Creatures
  A troll (D:9)
  Grinder (D:6)
  Prince Ribbit (D:7)
  Sigmund (D:2)
  A human (D:7)
  A vampire mosquito (D:9)
  4 yaks
  Menkaure (D:4)
  2 ice beasts (D:9)
  A necrophage (D:7)
  2 orc warriors
  5 centaurs
  A crocodile (D:7)
  2 ogres
  4 giant frogs
  A big kobold (D:8)
  4 scorpions
  10 wights
  A giant frog zombie (D:7)
  2 crimson imps
  2 hounds
  A jelly (D:5)
  An orc wizard (D:4)
  2 centaur skeletons
  8 worker ants
  Natasha (twice) (D:3)
  Terence (D:2)
  A quasit (Temple)
  3 iguanas
  3 sheep (D:7)
  2 hound skeletons
  A worker ant zombie (D:9)
  11 adders
  A shadow imp (D:5)
  An ooze (D:5)
  An adder skeleton (D:6)
  An adder zombie (D:9)
  5 worms
  18 orcs
  A bat zombie (D:8)
  7 giant cockroaches
  7 goblins
  8 hobgoblins
  13 jackals
  A quokka (D:2)
  2 ball pythons
  5 bats
  3 giant geckos (D:4)
  2 giant gecko skeletons (D:4)
  2 giant gecko zombies
  4 giant newts
  A jackal skeleton (D:5)
  7 kobolds
  9 rats
  A rat zombie (D:8)
184 creatures vanquished.

Vanquished Creatures (collateral kills)
  4 orcs (D:9)
  A hobgoblin (D:1)
5 creatures vanquished.

Vanquished Creatures (others)
  Natasha (D:3)
1 creature vanquished.

Grand Total: 190 creatures vanquished

Notes
Turn   | Place    | Note
--------------------------------------------------------------
     0 | D:1      | Dangus the Mummy Artificer began the quest for the Orb.
     0 | D:1      | Reached XP level 1. HP: 15/15 MP: 2/2
   400 | D:1      | Reached XP level 2. HP: 12/21 MP: 4/4
   407 | D:1      | Reached skill level 3 in Evocations
   815 | D:2      | Noticed Sigmund
  1054 | D:2      | Reached XP level 3. HP: 21/26 MP: 5/5
  1148 | D:2      | Killed Sigmund
  1148 | D:2      | Reached skill level 1 in Armour
  1148 | D:2      | Reached skill level 4 in Evocations
  1148 | D:2      | Reached XP level 4. HP: 2/32 MP: 5/7
  1148 | D:2      | Reached XP level 5. HP: 2/37 MP: 5/8
  1603 | D:2      | Found a stormy altar of Qazlal.
  1696 | D:2      | Found a sparkling altar of Nemelex Xobeh.
  1700 | D:2      | Found a blossoming altar of Fedhas.
  1741 | D:2      | Noticed Terence
  1789 | D:2      | Killed Terence
  1795 | D:2      | Found a shattered altar of Ashenzari.
  2090 | D:3      | Reached skill level 5 in Evocations
  2112 | D:3      | Noticed Natasha
  2120 | D:3      | Killed Natasha
  2120 | D:3      | Reached XP level 6. HP: 37/43 MP: 9/9
  2146 | D:3      | Found a shadowy altar of Dithmenos.
  2462 | D:3      | Noticed Natasha
  2474 | D:3      | Killed Natasha
  2480 | D:3      | Noticed Natasha
  2489 | D:3      | Killed Natasha
  2966 | D:4      | Found a white marble altar of Elyvilon.
  3098 | D:4      | Found a sacrificial altar of Ru.
  3131 | D:4      | Reached XP level 7. HP: 29/48 MP: 11/11
  3225 | D:4      | Noticed Menkaure
  3229 | D:4      | Killed Menkaure
  3229 | D:4      | Reached skill level 6 in Evocations
  3374 | D:4      | Found a shimmering altar of Xom.
  3555 | D:5      | Entered Level 5 of the Dungeon
  3649 | D:5      | Found an iron altar of Okawaru.
  4010 | D:5      | Found an opulent altar of Gozag.
  4046 | D:5      | Noticed Prince Ribbit
  4057 | D:5      | Found a deep blue altar of Sif Muna.
  4253 | D:6      | Noticed Grinder
  4265 | D:5      | Paralysed by Grinder for 2 turns
  4361 | D:5      | Reached XP level 8. HP: 33/54 MP: 13/13
  4603 | D:6      | Reached skill level 7 in Evocations
  5040 | D:6      | Found a staircase to the Ecumenical Temple.
  5062 | Temple   | Entered the Ecumenical Temple
  5194 | Temple   | Became a worshipper of Pakellas the Inventive
  5408 | D:6      | Killed Grinder
  5659 | D:6      | Found a stormy altar of Qazlal.
  5812 | D:7      | Reached * piety under Pakellas
  5982 | D:7      | Reached skill level 8 in Evocations
  6537 | D:7      | Found a basalt altar of Yredelemnul.
  6551 | D:7      | Reached XP level 9. HP: 10/59 MP: 15/15
  7270 | D:7      | Reached skill level 9 in Evocations
  7702 | D:7      | Killed Prince Ribbit
  7702 | D:7      | Reached skill level 1 in Maces & Flails
  8613 | D:8      | Found an ancient bone altar of Kikubaaqudgha.
  8999 | D:9      | Reached ** piety under Pakellas
  8999 | D:9      | Received a gift from Pakellas
  9136 | D:9      | Found a glowing silver altar of Zin.
  9136 | D:9      | Found an opulent altar of Gozag.
  9423 | D:9      | Reached skill level 5 in Dodging
  9591 | D:9      | Found Qoarusk's Weapon Emporium.
  9683 | D:9      | Found a staircase to the Orcish Mines.
  9736 | D:9      | Reached skill level 10 in Evocations
 10267 | D:9      | Reached XP level 10. HP: 65/65 MP: 7/17
 10374 | D:9      | Noticed a moth of wrath
 10376 | D:9      | Found a bloodstained altar of Trog.
 10703 | D:10     | Entered Level 10 of the Dungeon
 10728 | D:10     | Shot with an arrow by a centaur

Vault maps used:
D:1:      dpeg_arrival_tiny_i, grunt_decor_mini_mirrors
D:2:      minmay_door_path, lemuel_doored_altar, ashenzari_conservatory_becter,
          lemuel_crystal_altar, minmay_strange_pillars, grunt_qazlal_clouds,
          uniq_terence, uniq_sigmund
D:3:      kennysheep_pointless_box, grunt_dithmenos_smoke, uniq_natasha
D:4:      tgw_xom, old_standard_altar, elyvilon_altar_3, uniq_menkaure
D:5:      marbit_many_paths, okawaru_gym_becter, basic_altar, first_bread,
          minmay_holes, kennysheep_cluttered_room, minivault_19,
          uniq_prince_ribbit1
D:6:      lemuel_coloured_pillars_altar, minmay_temple_entry_statues_pillars,
          kennysheep_generic_room_7, uniq_grinder
D:7:      yredelemnul_altar_generic, grunt_livestock, minmay_statues_item
D:8:      lemuel_zombie_altar_kikubaaqudgha, serial_park_tiny_2
D:9:      grunt_temple_overflow_gold_and_silver, tgw_trog, orc_0_dummy,
          serial_shops, shop, hangedman_abyss_or_decor_stabs,
          nrook_mini_backslash, hex_tiny, lightli_orcish_oven
D:10:     minmay_distorted_concentric_squares, basic_altar
Temple:   temple_of_Zot_ovaries

Action                   |  1- 3 |  4- 6 |  7- 9 | 10-12 || total
-------------------------+-------+-------+-------+-------++-------
Melee: Short sword       |   110 |     8 |       |       ||   118
       Dagger            |       |    95 |    16 |       ||   111
       Flail             |       |    52 |   422 |       ||   474
       Staff             |       |       |     6 |    26 ||    32
Invok: Quick Charge      |       |       |     3 |     1 ||     4
Evoke: Wand              |     6 |     8 |    34 |     6 ||    54
  Use: Scroll            |       |     1 |     5 |       ||     6
 Stab: Invisible         |       |       |     1 |       ||     1
